 Dungeon Crawl Stone Soup version 0.32-a0-886-g41c5271027 (webtiles) character file.

Game seed: 4666285482928967788

73 ezpacito the Chopper (level 4, -3/35 HPs)
             Began as a Coglin Chaos Knight on Apr 3, 2024.
             Was a Plaything of Xom.
             Succumbed to Ijyb's poison
             ... on level 3 of the Dungeon.
             The game lasted 00:02:00 (1418 turns).

ezpacito the Chopper (Coglin Chaos Knight)          Turns: 1418, Time: 00:02:00

Health: -3/35      AC:  5    Str: 14    XL:     4   Next: 27%
Magic:  4/4        EV: 10    Int: 11    God:    Xom [..*...]
Gold:   77         SH:  0    Dex: 14    Spells: 4/4 levels left

rFire   . . .        a - +0 hand axe (chaos) {Ramón}
rCold   . . .        j - +2 dagger (venom) {Somchit}
rNeg    . . .        b - +2 leather armour
rPois   .            (no helmet)
rElec   .            (no cloak)
rCorr   .            (no gloves)
SInv    .            (no boots)
Will    .....        (amulet unavailable)
Stlth   +            (ring unavailable)
HPRegen 0.25/turn    (ring unavailable)
MPRegen 0.09/turn    (no gizmo)

%: no passive effects
@: lethally poisoned (-3 -> -29), attractive, revved
A: off-hand wielding, slow wielding, warmup strikes, no jewellery
a: Invent Gizmo, Renounce Religion


You were on level 3 of the Dungeon.
You worshipped Xom.
You were a toy of Xom.
You visited 1 branch of the dungeon, and saw 3 of its levels.

You collected 77 gold pieces.

Inventory:

Hand Weapons
 a - a +0 hand axe of chaos (weapon) {Ramón}
 j - a +2 dagger of venom (offhand) {Somchit}
 k - a +0 spear
Armour
 b - a +2 leather armour (worn)
Wands
 l - a wand of light (4)
Scrolls
 c - 2 scrolls of butterflies
 d - 3 scrolls of identify {unknown}
 g - a scroll of silence {unknown}
 h - 2 scrolls of fear {unknown}
 i - a scroll of amnesia {unknown}
 n - a scroll of blinking {unknown}
Potions
 e - 2 potions of attraction
 f - a potion of ambrosia {unknown}
 m - a potion of mutation {unknown}


   Skills:
 * Level 3.3 Fighting
 * Level 3.4(3.5) Axes
 * Level 1.1(2.2) Polearms
 * Level 2.2 Armour
 * Level 1.7 Dodging
 + Level 0.3 Stealth
 + Level 0.5 Spellcasting


You had 4 spell levels left.
You didn't know any spells.
Your spell library contained the following spells:

 Spells                   Type           Power      Damage    Failure   Level
 Jinxbite                 Hex            0%         N/A       54%         2
 Yara's Violent Unravell  Hex/Alch       0%         3d3       100%        5
 Enfeeble                 Hex            0%         N/A       100%        7


Dungeon Overview and Level Annotations

Branches:
Dungeon (3/15)

Altars:

Shops:
D:2 :

Annotations:
D:3 Ijyb


Innate Abilities, Weirdness & Mutations

You can wield a second weapon in your off-hand.
It takes a long time for you to wield or remove held weapons.
Your first few attacks do less damage.
You cannot equip rings or amulets.


Message History

The ball python bites you. The ball python grabs you.
The ball python constricts you.
You take 1 damage, and have 24/35 hp.
You hit the ball python with your +0 hand axe of chaos.
You burn the ball python.
You kill the ball python!
You hit Ijyb but do no damage.
Ijyb is poisoned.
Ijyb is lightly wounded.
You hit Ijyb with your +0 hand axe of chaos.
Ijyb barely misses you.
You barely miss Ijyb with your +0 hand axe of chaos.
Ijyb is moderately wounded.
You hit Ijyb but do no damage.
Ijyb looks as sick as possible!
Ijyb hits you with a +2 dagger of venom.
You are poisoned.
You take 2 damage, and have 22/35 hp.
You catch the helpless Ijyb completely off-guard!
You hit Ijyb with your +0 hand axe of chaos.
Ijyb seems to grow stronger.
Ijyb is severely wounded.
You hit Ijyb with your +2 dagger of venom.
Ijyb looks as sick as possible!
You feel very sick.
Ijyb hits you with a +2 dagger of venom.
You are lethally poisoned!
You take 8 damage, and have 14/35 hp.
MASSIVE DAMAGE!!
You hit Ijyb but do no damage.
Ijyb is severely wounded.
You hit Ijyb but do no damage. You drain Ijyb.
* * * LOW HITPOINT WARNING * * *
You feel extremely sick.
Ijyb hits you with a +2 dagger of venom.
* * * LOW HITPOINT WARNING * * *
You are more poisoned.
You take 12 damage, and have 2/35 hp.
MASSIVE DAMAGE!!
It was a potion of attraction.
You feel attractive to monsters.
Xom is highly amused!
You die...
Xom thinks this is hilarious!

##### ##...########
##...........######
#.$.....#.g.$......
#........@...#####.
#................
##....†#####.####
##....####.....
#...<......#.###
#....####..#.#
#...)$ #.# #..#..#
#......


You could see Ijyb (strong, blind, unable to see you, extremely poisoned, very
drained).

Vanquished Creatures
  A gnoll (D:1)
  An adder (D:2)
  2 ribbon worms (D:2)
  A dart slug (D:1)
  8 endoplasms
  3 giant cockroaches
  6 goblins
  5 hobgoblins
  A quokka (D:1)
  5 ball pythons
  A bat (D:1)
  5 frilled lizards
  A kobold (D:1)
  4 rats
44 creatures vanquished.

Notes
Turn   | Place    | Note
-------+----------+-------------------------------------------
     0 | D:1      | ezpacito the Coglin Chaos Knight began the quest for the
                  | Orb.
     0 | D:1      | Reached XP level 1. HP: 18/18 MP: 1/1
    47 | D:1      | Reached skill level 1 in Dodging
    79 | D:1      | Reached XP level 2. HP: 24/24 MP: 2/2
   282 | D:1      | Reached XP level 3. HP: 17/29 MP: 3/3
   368 | D:1      | Reached skill level 1 in Polearms
   514 | D:1      | XOM: divination: magic mapping
   771 | D:2      | XOM: 3-stop teleportation journey
   797 | D:2      | XOM: divination: detect items
   918 | D:2      | XOM: noise
   958 | D:2      | Found Zoschaots's Vocational Training.
  1002 | D:2      | XOM: noise
  1014 | D:2      | Reached XP level 4. HP: 33/35 MP: 4/4
  1095 | D:2      | XOM: silly message
  1127 | D:2      | XOM: silly message
  1193 | D:2      | XOM: silly message
  1404 | D:3      | Noticed Ijyb
  1418 | D:3      | Succumbed to Ijyb's poison

Illustrated notes

Levels and vault maps discovered:
D:1:      amcnicky_arrival_blooded_trapdoor, layout_basic,
          minmay_misc_feat_tiny, minivault_5
D:2:      layout_loops_cross, nicolae_shop_vocational
D:3:      layout_loops_ring, uniq_ijyb

Skill      XL: |  1  2  3 |
---------------+----------+-----
Dodging        | 1 |  1.7
Armour         | 2 |  2.2
Polearms       | 1 |  1.1
Fighting       | |  3.3
Axes           | |  3.4
Stealth        | |  0.3
Spellcasting   | |  0.5

Action                     |  1- 3 |  4- 6 || total
---------------------------+-------+-------++-------
  Melee: Hand axe          |    69 |    24 ||    93
         Dagger            |    61 |    17 ||    78
  Evoke: Wand              |       |     1 ||     1
    Use: Potion            |       |     1 ||     1
   Stab: Invisible         |       |     1 ||     1
 Armour: Leather armour    |    37 |    15 ||    52
  Dodge: Dodged            |    24 |    10 ||    34

Table legend: (Time is in decaauts)
 A = Elapsed time spent in this place.
 B = Non-inter-level travel time spent in this place.
 C = Inter-level travel time spent in this place.
 D = Time resting spent in this place.
 E = Time spent auto-exploring this place.
 F = Levels seen in this place.
 G = Mean time per level.
                   A        B        C        D        E       F      G
               +--------+--------+--------+--------+--------+-----+--------+
         Total |   1423 |   1334 |     89 |      0 |   1065 |   3 |  474.3 |
       Dungeon |   1423 |   1334 |     89 |      0 |   1065 |   3 |  474.3 |
               +--------+--------+--------+--------+--------+-----+--------+

Top non-repeatable levels by time:
     D:1: 741 daAuts
     D:2: 660 daAuts
     D:3: 22 daAuts
